cohdb
Replays
Latest Replays
All Replays
Popular Replays
Top Player Replays
Match Explorer
How It Works
Community
CoH3 Stats
Reddit
Sign in to upload your games and track your stats! →
Sign in with Steam
Match 45311608
Unlisted
Match 45311608
Overview
Messages
Build Orders
End
Panzergrenadier Squad
Selects Panzerjäger Kommand Battlegroup
Panzergrenadier Squad
Selects Blockade Equipment
Construct Light Support Kompanie
Panzergrenadier Squad
MG34 Team
Construct Mechanized Kompanie
Selects Defensive Positions
8 Rad Armored Car
Panzerjäger Mechanized Group
ThedarkLegend0
NewPeopleArmy
Wolfplexity
purepinoy
塔露rua
TrueSlayer
喜欢框A框T,激发队友潜力
LilaS
0
0
Comments
sign in to comment!
No comments posted yet!